Map: Dreamcatcher LE

Players

LiquidTLO (TLO) - Winner!

  • Race: Zerg Zerg
  • Spawn Location: 11:00

PiLiPiLi

  • Race: Protoss Protoss
  • Spawn Location: 5:00

Event: WCS Austin 2018

VOD

Have the link to the VOD?

Description

Time

  • Played on: June 1, 2018, 2:52 p.m.
  • Length: 10:50

All games in this series

Show
View Real Time Build Order
Export as new Build Order

LiquidTLO Zerg - Winner!

Build Orders: Hatch First 

Get SALT Encoding   

  12  0:00  Drone  
  13  0:08  Drone  
  14  0:17  Overlord  
  14  0:36  Drone x2  
  16  0:50  Hatchery  
  16  0:52  Drone  
  16  0:56  Drone  
  17  1:01  Drone  
  18  1:07  Extractor  
  17  1:17  Spawning Pool  
  16  1:19  Drone  
  16  1:22  Drone  
  18  1:29  Drone  
  19  1:40  Drone  
  20  1:51  Drone  
  21  2:01  Overlord  
  21  2:03  Queen x2  
  21  2:04  Zergling x2  
  26  2:10  Metabolic Boost  
  26  2:13  Drone x2  
  28  2:23  Drone  
  28  2:24  Drone  
  30  2:34  Drone  
  30  2:35  Drone  
  32  2:43  Hatchery  
  31  2:50  Queen  
  33  2:55  Overlord  
  33  2:59  Drone  
  33  3:00  Drone  
  33  3:03  Zergling x2  
  36  3:10  Overlord  
  36  3:15  Zergling x4  
  36  3:17  Zergling x2  
  36  3:18  Zergling x2  
  36  3:19  Drone  
  40  3:26  Drone  
  41  3:30  Drone  
  42  3:35  Drone  
  42  3:39  Overlord  
  42  3:40  Evolution Chamber  
  42  3:47  Drone  
  43  3:49  Overlord, Drone  
  43  3:50  Drone  
  43  3:52  Drone  
  43  3:53  Drone  
  43  3:54  Drone  
  48  3:56  Drone  
  48  3:57  Drone  
  48  3:58  Evolution Chamber  
  48  4:02  Zergling x2  
  50  4:07  Zergling x4  
  50  4:08  Zerg Melee Weapons Level 1  
  52  4:12  Drone, Queen  
  56  4:17  Drone  
  56  4:18  Drone  
  56  4:19  Overlord  
  56  4:23  Overlord, Drone  
  57  4:27  Zergling x4  
  57  4:28  Zergling x2  
  60  4:33  Zerg Ground Armor Level 1  
  60  4:36  Drone  
  60  4:40  Drone  
  60  4:41  Drone x2  
  60  4:42  Spore Crawler  
  60  4:45  Spore Crawler x2  
  60  4:47  Spore Crawler  
  60  4:50  Spore Crawler  
  58  4:53  Spore Crawler  
  58  4:55  Drone  
  58  4:56  Drone  
  59  5:01  Drone  
  59  5:03  Pneumatized Carapace  
  59  5:05  Lair  
  59  5:06  Drone  
  61  5:09  Drone x2  
  61  5:11  Drone  
  61  5:12  Drone  
  61  5:14  Drone  
  66  5:16  Zergling x2  
  66  5:17  Drone x2  
  66  5:21  Drone  
  69  5:25  Drone  
  70  5:29  Extractor  
  70  5:30  Zergling x6, Extractor  
  70  5:34  Roach Warren  
  70  5:36  Zergling x4, Extractor  
  70  5:38  Zergling x2  
  70  5:39  Zergling x4  
  70  5:41  Zergling x2  
  73  5:42  Zergling x2  
  73  5:43  Zergling x2  
  73  5:45  Zergling x4  
  73  5:46  Zergling x2  
  73  5:47  Zergling x2  
  73  5:49  Zergling x2  
  77  5:54  Drone  
  77  5:56  Spore Crawler  
  74  5:57  Spore Crawler  
  74  5:58  Spore Crawler  
  70  6:07  Drone x7  
  70  6:11  Drone  
  76  6:15  Zerg Melee Weapons Level 2, Drone  
  77  6:23  Overlord  
  76  6:27  Zergling x4  
  76  6:29  Zergling x4  
  76  6:30  Hatchery, Zergling x2  
  74  6:34  Overlord  
  74  6:35  Zergling x2  
  74  6:38  Zergling x4  
  74  6:39  Zergling x2  
  75  6:40  Zergling x2  
  75  6:42  Zergling x2  
  75  6:43  Zergling x2  
  75  6:46  Zergling x6  
  75  6:47  Zergling x2  
  76  6:49  Zergling x2  
  76  6:54  Zergling x2  
  76  6:57  Drone  
  76  6:59  Spire, Extractor  
  76  7:00  Drone  
  75  7:06  Queen  
  75  7:07  Extractor  
  77  7:08  Drone x2  
  77  7:09  Queen  
  77  7:10  Drone x2  
  77  7:14  Overlord  
  82  7:16  Overlord  
  82  7:18  Drone  
  82  7:21  Drone  
  78  7:27  Drone  
  78  7:28  Queen  
  78  7:29  Drone  
  80  7:31  Drone  
  80  7:34  Drone x2  
  80  7:36  Drone  
  80  7:38  Drone  
  80  7:41  Drone  
  80  7:42  Drone  
  81  7:44  Drone  
  79  8:11  Corruptor x7  
  93  8:16  Zerg Flyer Armor Level 1  
  93  8:23  Drone x5  
  93  8:26  Corruptor  
  98  8:33  Corruptor  
  102  8:34  Corruptor  
  102  8:37  Overlord  
  103  8:44  Overlord  
  103  8:46  Overlord  
  103  8:58  Corruptor x2  
  103  8:59  Corruptor x2  
  103  9:02  Drone x2  
  113  9:03  Drone x2  
  113  9:04  Drone  
  113  9:06  Corruptor  
  118  9:11  Drone  
  118  9:12  Corruptor, Zergling x2  
  118  9:16  Corruptor  
  124  9:19  Overlord  
  124  9:22  Overlord  
  124  9:24  Overlord  
  124  9:30  Overlord, Corruptor  
  123  9:40  Roach  
  123  9:42  Baneling Nest, Roach x2  
  123  9:43  Roach  
  123  9:44  Roach  
  131  9:47  Roach  
  131  9:49  Roach  
  131  9:50  Roach  
  131  9:51  Roach  
  139  9:54  Roach  
  139  9:55  Roach  
  139  9:56  Roach  
  139  9:58  Roach  
  147  10:04  Roach  
  147  10:05  Roach x3  
  147  10:07  Roach  
  155  10:08  Roach  
  155  10:10  Roach  
  159  10:16  Overlord  
  159  10:20  Overlord x2  
  159  10:23  Overlord  
  159  10:28  Overlord x2  
  159  10:32  Overlord, Zergling x2  
Show
View Real Time Build Order
Export as new Build Order

PiLiPiLi Protoss 

Build Orders: Nexus First, Phoenix Opening, Mass Phoenix 

Get SALT Encoding   

  12  0:00  Probe  
  13  0:13  Probe  
  14  0:19  Pylon  
  14  0:25  Probe  
  15  0:33  Probe  
  15  0:41  Probe  
  17  0:51  Probe  
  18  1:03  Nexus  
  18  1:11  Gateway  
  18  1:14  Probe  
  19  1:22  Assimilator  
  19  1:26  Probe  
  19  1:27  Assimilator  
  20  1:36  Gateway  
  20  1:40  Probe  
  21  1:48  Probe  
  22  1:56  Probe  
  22  1:59  Cybernetics Core  
  23  2:12  Probe  
  23  2:13  Probe  
  25  2:20  Probe  
  25  2:21  Probe  
  25  2:28  Probe  
  27  2:30  Probe  
  27  2:32  Pylon  
  29  2:39  Adept x2  
  29  2:41  Probe  
  29  2:42  Probe, Warp Gate  
  35  2:53  Probe  
  35  2:54  Probe  
  37  3:05  Probe  
  38  3:06  Probe  
  39  3:17  Probe  
  39  3:18  Probe  
  39  3:19  Stargate  
  41  3:20  Stargate  
  41  3:25  Pylon  
  41  3:29  Probe  
  41  3:30  Probe  
  41  3:32  Assimilator  
  43  3:34  Assimilator  
  43  3:35  Pylon  
  43  3:41  Probe  
  43  3:42  Probe  
  45  3:53  Probe  
  45  3:54  Probe  
  45  3:55  Phoenix x2  
  46  4:05  Probe  
  46  4:07  Probe  
  52  4:11  Pylon  
  52  4:17  Probe  
  52  4:34  Probe  
  52  4:35  Phoenix  
  52  4:36  Phoenix  
  55  4:40  Probe  
  55  4:45  Gateway  
  56  4:47  Probe  
  56  4:48  Fleet Beacon  
  57  4:53  Protoss Air Weapons Level 1, Probe  
  57  4:54  Zealot x2  
  57  4:56  Pylon  
  57  4:59  Pylon  
  62  5:02  Phoenix x2  
  62  5:06  Probe  
  67  5:07  Probe  
  68  5:14  Pylon  
  68  5:19  Phoenix x2  
  68  5:20  Zealot  
  68  5:21  Zealot  
  72  5:25  Probe x2  
  78  5:32  Carrier  
  78  5:42  Zealot x2  
  80  5:45  Zealot  
  80  5:49  Carrier  
  79  6:07  Zealot x3  
  91  6:14  Pylon  
  91  6:16  Pylon  
  91  6:25  Pylon  
  91  6:28  Zealot  
  91  6:30  Adept x2  
  74  6:51  Adept  
  74  6:52  Adept x2  
  76  6:56  Carrier  
  76  6:57  Probe  
  76  6:58  Probe  
  81  7:08  Carrier  
  81  7:09  Probe  
  81  7:10  Probe  
  81  7:28  Zealot x2  
  81  7:29  Zealot  
  93  7:35  Shield Battery  
  93  7:43  Pylon  
  93  8:02  Twilight Council  
  91  8:09  Nexus  
  91  8:10  Zealot  
  91  8:11  Pylon  
  93  8:19  Gateway  
  94  8:21  Gateway x2  
  94  8:22  Gateway  
  94  8:23  Gateway  
  98  8:33  Robotics Facility  
  98  8:38  Nexus  
  98  8:40  Resonating Glaives  
  96  8:57  Shield Battery  
  96  8:59  Adept x2  
  96  9:00  Adept  
  98  9:09  Warp Prism  
  92  9:10  Probe  
  92  9:16  Adept  
  92  9:17  Adept x2  
  101  9:27  Probe  
  101  9:28  Adept, Pylon  
  101  9:29  Adept x2  
  108  9:31  Sentry  
  108  9:32  Pylon  
  110  9:41  Sentry x2  
  110  9:42  Sentry  
  116  9:51  Sentry x3  
  109  10:08  Adept x4  
  103  10:15  Stalker  
  103  10:16  Stalker x2  
  107  10:31  Stalker x4  
  107  10:40  Adept  
  107  10:41  Adept x2  
Tags
 
Add a new tag
Caveats
  • Supply blocks, unpowered buildings, or Contaminate may cause inaccurate times.
  • Supply counts are checked every 10 seconds.